 Dungeon Crawl Stone Soup version 0.28-a0-79-g444c7a33f5 (webtiles) character file.

Game seed: 14602698767563115750

6379 pokeman the Thaumaturge (level 10, 0/56 HPs)
             Began as a Deep Elf Hedge Wizard on Aug 3, 2021.
             Was a Believer of Vehumet.
             Slain by a killer bee (7 damage)
             ... on level 9 of the Dungeon.
             The game lasted 00:26:07 (11413 turns).

pokeman the Thaumaturge (Deep Elf Hedge Wizard)    Turns: 11413, Time: 00:26:08

Health: 0/56       AC:  9    Str:  7    XL:     10   Next: 65%
Magic:  19/29      EV: 13    Int: 23    God:    Vehumet [**....]
Gold:   332        SH:  0    Dex: 14    Spells: 24/36 levels left

rFire   + . .      SeeInvis +   D - +1 halberd (venom)
rCold   x . .      Faith    .   (shield currently unavailable)
rNeg    . . .      Spirit   .   v - +0 steam dragon scales
rPois   .          Reflect  .   c - +0 hat
rElec   .          Harm     .   C - +1 cloak {rCorr}
rCorr   +          Rampage  .   x - +0 pair of gloves
Will    +....                   (no boots)
Stlth   ++........              (no amulet)
HPRegen 0.18/turn               i - ring of see invisible
MPRegen 0.21/turn               g - ring of fire

@: no status effects
A: no striking features
a: Renounce Religion


You were on level 9 of the Dungeon.
You worshipped Vehumet.
Vehumet was pleased with you.
You visited 2 branches of the dungeon, and saw 10 of its levels.

You collected 332 gold pieces.

Inventory:

Hand Weapons
 D - a +1 halberd of venom (weapon)
 E - a +0 shortbow
Missiles
 l - 183 arrows
 o - 63 bolts
 z - a throwing net
Armour
 c - a +0 hat (worn)
 v - +0 steam dragon scales (worn)
 x - a +0 pair of gloves (worn)
 C - a +1 cloak of preservation (worn)
Magical Staves
 B - a staff of cold
Jewellery
 g - a ring of fire (right hand)
 i - a ring of see invisible (left hand)
Wands
 n - a wand of acid (6)
 t - a wand of iceblast (24)
 y - a wand of charming (9)
 A - a wand of digging (6)
Scrolls
 f - 3 scrolls of vulnerability
 m - a scroll of summoning
 p - 5 scrolls of identify {unknown}
 q - 4 scrolls of enchant weapon {unknown}
 s - 3 scrolls of teleportation {unknown}
 u - 2 scrolls of noise {unknown}
Potions
 a - 2 potions of haste {unknown}
 b - 3 potions of lignification {unknown}
 d - 3 potions of heal wounds {unknown}
 e - 3 potions of curing {unknown}
 h - 2 potions of brilliance {unknown}
 j - a potion of mutation {unknown}
 k - 3 potions of cancellation {unknown}
 r - a potion of degeneration {unknown}
 w - a potion of might {unknown}


   Skills:
 + Level 3.3 Fighting
 - Level 4.3 Armour
 - Level 3.0 Dodging
 - Level 3.1 Stealth
 * Level 13.5 Spellcasting
 + Level 8.0 Conjurations
 - Level 1.1 Summonings
 - Level 1.1 Translocations
 + Level 7.2 Fire Magic
 - Level 2.0 Air Magic
 - Level 1.1 Poison Magic
 - Level 1.0 Evocations


You had 24 spell levels left.
You knew the following spells:

 Your Spells              Type           Power      Damage    Failure   Level
a - Magic Dart            Conj           100%       1d8       1%          1
b - Mephitic Cloud        Conj/Pois/Air  32%        N/A       2%          3
c - Call Imp              Summ           20%        N/A       3%          2
d - Blink                 Tloc           N/A        N/A       3%          2
e - Conjure Flame         Conj/Fire      66%        6-21      1%          3
f - Foxfire               Conj/Fire      100%       2x1d9     1%          1

Your spell library contained the following spells:

 Spells                   Type           Power      Damage    Failure   Level
 Apportation              Tloc           40%        N/A       2%          1
 Summon Small Mammal      Summ           80%        N/A       2%          1
 Animate Skeleton         Necr           30%        N/A       4%          1
 Corona                   Hex            16%        N/A       4%          1
 Slow                     Hex            15%        N/A       6%          2
 Gell's Gravitas          Tloc           10%        N/A       8%          3
 Teleport Other           Tloc           20%        N/A       8%          3
 Portal Projectile        Hex/Tloc       36%        N/A       10%         3
 Petrify                  Tmut/Erth      15%        N/A       36%         4
 Blade Hands              Tmut           7%         N/A       73%         5
 Excruciating Wounds      Necr           7%         N/A       73%         5
 Metabolic Englaciation   Hex/Ice        7%         N/A       73%         5
 Dispersal                Tloc           10%        N/A       98%         6
 Statue Form              Tmut/Erth      10%        N/A       99%         6


Dungeon Overview and Level Annotations

Branches:
Dungeon (9/15)             Temple (1/1) D:4
   Lair: D:8-11         Orc: D:9-12

Altars:
Cheibriados
Dithmenos
Elyvilon
Fedhas
Gozag
Hepliaklqana
Makhleb
Nemelex Xobeh
Okawaru
Qazlal
Ru
Sif Muna
Trog
Vehumet
Wu Jian
Xom
Yredelemnul
Zin


Message History

Press: ? - help, Dir - move target, f - killer bee, p - centaur
Aim: a killer bee (moderately wounded, confused, about 44% to evade your +1 halberd of venom)
You reach to attack!
You barely miss the killer bee.
The killer bee is moderately wounded.
The centaur is engulfed in noxious fumes.
The centaur appears confused.
The centaur hits the killer bee.
The centaur kicks the killer bee but does no damage.
The killer bee is engulfed in noxious fumes.
The killer bee appears confused.
The killer bee barely misses you.
Unknown command.
Reach: D) +1 halberd (venom)
Press: ? - help, Dir - move target, f/p - killer bee
Aim: a killer bee (noxious fumes, heavily wounded, confused, about 44% to evade your +1 halberd of venom)
You barely miss the killer bee.
The killer bee is heavily wounded.
The centaur looks more healthy.
The killer bee is engulfed in noxious fumes.
The killer bee appears confused.
The killer bee stings you.
* * * LOW HITPOINT WARNING * * *
The killer bee is engulfed in noxious fumes.
The killer bee appears confused.
The killer bee barely misses you.
The centaur hits the killer bee but does no damage.
The centaur kicks the killer bee.
The centaur hits itself.
The centaur is killed!
Vehumet accepts your kill.
The killer bee is engulfed in noxious fumes.
The killer bee appears confused.
Casting: Mephitic Cloud (dangerous; 2% risk of failure)
Confirm with . or Enter, or press ? or * to list all spells.
Aiming: Mephitic Cloud (dangerous; 2% risk of failure)
Press: ? - help, Shift-Dir - straight line, f - gnoll sergeant, p - killer bee
Aim: a gnoll sergeant, wielding a +0 spear, wearing a +0 ring mail and wearing a +0 buckler (chance to affect: 81%)
The ball explodes into a vile cloud!
The stinking cloud engulfs the gnoll sergeant but does no damage.
You hear a howl!
The gnoll sergeant is engulfed in noxious fumes.
The gnoll sergeant hits you but does no damage.
The killer bee is engulfed in noxious fumes.
The killer bee appears confused.
The killer bee stings you!
You die...

##################
#................#
#............†...#
#..#####.)#####y)#
#......#..#...g☼@#
#......#.)#..○§☼.#
#####..#..#..#####
......#..#.....
......#..#......
..#####..#####y.#
......#..#......#
.....#..#yh....#
####.c#..#..#####


You could see a gnoll sergeant and a killer bee (confused).

Vanquished Creatures
  A two-headed ogre (D:9)
  Maurice (D:8)
  Maggie (D:6)
  Grinder (D:5)
  A wraith (D:8)
  2 wyverns
  Eustachio (D:4)
  4 vampire mosquitoes (D:8)
  Menkaure (D:7)
  A water moccasin (D:5)
  An orc warrior (D:8)
  4 ogres
  A phantom (D:4)
  2 centaurs (D:9)
  2 kobold brigands
  A wyvern zombie (D:8)
  2 bullfrogs
  A scorpion (D:6)
  A water moccasin skeleton (D:6)
  4 killer bees (D:7)
  11 wights (D:8)
  3 howler monkeys (D:7)
  2 bullfrog zombies
  3 centaur zombies
  4 hounds
  5 jellies
  2 orc priests
  A centaur skeleton (D:7)
  3 iguanas
  4 orc wizards
  A scorpion zombie (D:5)
  2 killer bee zombies
  3 hound skeletons
  3 gnolls (D:3)
  6 adders
  A shadow imp (D:6)
  2 white imps
  2 adder skeletons (D:4)
  2 worms
  2 dart slugs
  16 orcs
  4 ball pythons
  5 endoplasms
  4 giant cockroaches
  5 hobgoblins
  2 quokkas
  7 bats
  6 frilled lizards
  8 goblins
  15 kobolds
  6 rats
173 creatures vanquished.

Vanquished Creatures (collateral kills)
  A skeletal warrior (D:9)
  A yak (D:9)
  A wyvern (D:9)
  An ice beast (D:6)
  A wight (D:8)
  A howler monkey (D:9)
6 creatures vanquished.

Vanquished Creatures (others)
  A killer bee (D:7)
  96 foxfires
97 creatures vanquished.

Grand Total: 276 creatures vanquished

Notes
Turn   | Place    | Note
-------+----------+-------------------------------------------
     0 | D:1      | pokeman the Deep Elf Hedge Wizard began the quest for the
                  | Orb.
     0 | D:1      | Reached XP level 1. HP: 10/10 MP: 7/7
    60 | D:1      | Found a faded altar of an unknown god.
   782 | D:1      | Reached XP level 2. HP: 16/16 MP: 7/9
  1367 | D:2      | Reached skill level 5 in Spellcasting
  1708 | D:2      | Reached XP level 3. HP: 20/20 MP: 8/11
  1712 | D:2      | Learned a level 3 spell: Mephitic Cloud
  1715 | D:2      | Learned a level 2 spell: Call Imp
  1718 | D:2      | Learned a level 2 spell: Blink
  1722 | D:2      | Learned a level 3 spell: Conjure Flame
  1933 | D:2      | Found an ornate altar of the Wu Jian Council.
  2279 | D:2      | Reached skill level 1 in Fighting
  2279 | D:2      | Reached skill level 1 in Armour
  2601 | D:3      | Found a white marble altar of Elyvilon.
  2626 | D:3      | Reached XP level 4. HP: 21/25 MP: 4/13
  2991 | D:3      | Reached skill level 1 in Fire Magic
  3718 | D:4      | Found a glowing silver altar of Zin.
  3719 | D:4      | Found a snail-covered altar of Cheibriados.
  3720 | D:4      | Found a stormy altar of Qazlal.
  4121 | D:4      | Reached skill level 6 in Spellcasting
  4121 | D:4      | Reached XP level 5. HP: 27/29 MP: 7/15
  4338 | D:4      | Noticed an ogre
  4351 | D:4      | Killed an ogre
  4352 | D:4      | Reached skill level 1 in Air Magic
  4443 | D:4      | Noticed Eustachio
  4470 | D:4      | Killed Eustachio
  4471 | D:4      | Reached skill level 7 in Spellcasting
  4471 | D:4      | Reached skill level 1 in Poison Magic
  4471 | D:4      | Reached XP level 6. HP: 34/34 MP: 11/18
  4864 | D:4      | Reached XP level 7. HP: 15/38 MP: 6/20
  5094 | D:4      | Found a staircase to the Ecumenical Temple.
  5101 | Temple   | Entered the Ecumenical Temple
  5114 | Temple   | Became a worshipper of Vehumet
  5288 | D:5      | Entered Level 5 of the Dungeon
  5387 | D:5      | Found a bloodstained altar of Trog.
  5445 | D:5      | Reached skill level 1 in Evocations
  5634 | D:5      | Reached skill level 8 in Spellcasting
  5968 | D:5      | Noticed Grinder
  5987 | D:5      | Killed Grinder
  5988 | D:5      | Reached skill level 9 in Spellcasting
  5988 | D:5      | Reached XP level 8. HP: 19/45 MP: 8/23
  6442 | D:6      | Noticed Maggie
  6460 | D:6      | Killed Maggie
  6460 | D:6      | Reached * piety under Vehumet
  6460 | D:6      | Offered knowledge of Sandblast by Vehumet.
  6461 | D:6      | Reached skill level 5 in Conjurations
  6482 | D:6      | Reached skill level 10 in Spellcasting
  6742 | D:6      | Found a burning altar of Makhleb.
  6846 | D:6      | Reached XP level 9. HP: 45/50 MP: 16/25
  7520 | D:7      | Reached skill level 11 in Spellcasting
  7520 | D:7      | Reached skill level 5 in Fire Magic
  8004 | D:7      | Noticed Menkaure
  8012 | D:7      | Killed Menkaure
  9467 | D:8      | Noticed Maurice
  9485 | D:8      | Killed Maurice
  9486 | D:8      | Reached skill level 12 in Spellcasting
  9969 | D:8      | Reached XP level 10. HP: 56/56 MP: 17/28
 10028 | D:8      | Reached ** piety under Vehumet
 10028 | D:8      | Offered knowledge of Foxfire by Vehumet.
 10031 | D:8      | Learned a level 1 spell: Foxfire
 10546 | D:8      | Found an iron altar of Okawaru.
 11158 | D:9      | Noticed a two-headed ogre
 11173 | D:9      | Killed a two-headed ogre
 11174 | D:9      | Reached skill level 13 in Spellcasting
 11272 | D:9      | Identified the +8 flail "Oteash" {antimagic, rElec rF-
                  | Int+8}
 11333 | D:9      | Noticed a skeletal warrior
 11351 | D:9      | Noticed a deep elf pyromancer
 11372 | D:9      | Killed a skeletal warrior
 11413 | D:9      | Slain by a killer bee

Illustrated notes

Levels and vault maps discovered:
D:1:      amcnicky_arrival_flooded_fountain, layout_basic,
          chequers_ecumenical_altar_simple_redux, chequers_serial_rivers_small_3
D:2:      layout_loops_ring, basic_altar
D:3:      layout_loops_cross, elyvilon_altar_1, grunt_decor_junction
D:4:      layout_cave_pods, chequers_temple_overflow_statue_of_worship,
          temple_green, uniq_eustachio
D:5:      layout_rooms, mainiacjoe_overflow_tiny_flanked, uniq_grinder
D:6:      layout_rooms, mainiacjoe_overflow_small_starburst,
          minmay_misc_feat_alley, chequers_serial_rivers_small_b, uniq_maggie
D:7:      layout_layer_cave, eino_jars, uniq_menkaure
D:8:      layout_basic, marbit_many_paths, uniq_maurice
D:9:      kennysheep_windowed_halls, layout_gridville
Temple:   cyrus_circular_temple

Skill      XL: |  1  2  3  4  5  6  7  8  9 10 |
---------------+-------------------------------+-----
Spellcasting   | 5 6 7 9 10 12 13 | 13.5
Fighting       | 1 2 3 |  3.3
Armour         | 1 3 4 |  4.3
Conjurations   | 2 3 4 5 7 8 |  8.0
Fire Magic     | 1 3 4 6 7 |  7.2
Dodging        | 3 |  3.0
Stealth        | 3 |  3.1
Air Magic      | 2 |  2.0
Poison Magic   | 1 |  1.1
Evocations     | 1 |  1.0
Summonings     | |  1.1
Translocations | |  1.1

Action                   |  1- 3 |  4- 6 |  7- 9 | 10-12 || total
-------------------------+-------+-------+-------+-------++-------
Melee: Hand axe          |     3 |       |       |       ||     3
       Dagger            |     7 |     2 |       |       ||     9
       Spear             |       |    23 |    58 |       ||    81
       Halberd           |       |       |     4 |    52 ||    56
 Cast: Magic Dart        |    92 |   106 |   256 |     4 ||   458
       Mephitic Cloud    |       |     5 |    12 |     8 ||    25
       Conjure Flame     |       |     3 |    26 |    10 ||    39
       Call Imp          |       |       |     3 |     5 ||     8
       Foxfire           |       |       |       |    54 ||    54
       Blink             |       |       |       |     4 ||     4
  Use: Scroll            |       |       |       |     2 ||     2
 Stab: Confused          |       |     3 |     1 |     3 ||     7
Armor: Robe              |     1 |       |       |       ||     1
       Leather armour    |       |     4 |     8 |       ||    12
       Steam dragon scal |       |       |    21 |    14 ||    35
Dodge: Dodged            |    12 |    15 |    55 |    24 ||   106
       Rpst.: Long sword |     1 |       |       |       ||     1

Table legend: (Time is in decaauts)
 A = Elapsed time spent in this place.
 B = Non-inter-level travel time spent in this place.
 C = Inter-level travel time spent in this place.
 D = Time resting spent in this place.
 E = Time spent auto-exploring this place.
 F = Levels seen in this place.
 G = Mean time per level.
                   A        B        C        D        E       F      G
               +--------+--------+--------+--------+--------+-----+--------+
         Total |  11448 |  11128 |    320 |    312 |   9372 |  10 | 1144.8 |
       Dungeon |  11421 |  11113 |    308 |    312 |   9367 |   9 | 1269.0 |
        Temple |     26 |     14 |     12 |      0 |      5 |   1 |   26.0 |
               +--------+--------+--------+--------+--------+-----+--------+

Top non-repeatable levels by time:
     D:8: 2103 daAuts
     D:7: 1672 daAuts
     D:4: 1605 daAuts
     D:2: 1342 daAuts
     D:3: 1198 daAuts
     D:1: 1115 daAuts
     D:6: 996 daAuts
     D:5: 975 daAuts
     D:9: 412 daAuts
  Temple: 26 daAuts
